 Dungeon Crawl Stone Soup version 0.25.1-8-g42b30a86e7 (webtiles) character file.

Game seed: 4021388525758832811

363 MajorAdolf the Skirmisher (level 6, 0/94 HPs)
             Began as a Naga Wanderer on Dec 15, 2020.
             Was an Initiate of Gozag.
             Succumbed to a worker ant's poison
             ... on level 3 of the Dungeon.
             The game lasted 00:05:33 (4757 turns).

MajorAdolf the Skirmisher (Naga Wanderer)           Turns: 4757, Time: 00:05:33

Health: 0/94       AC: 23    Str: 16 (17) XL:     6   Next: 67%
Magic:  7/7        EV:  1    Int:  9 (12) God:    Gozag
Gold:   201        SH:  0    Dex:  8 (10) Spells: 7/7 levels left

rFire    . . .     SeeInvis +   n - +0 hand axe
rCold    . . .     Gourm    .   (no shield)
rNeg     + + +     Faith    .   (armour currently unavailable)
rPois    +         Spirit   .   (helmet currently unavailable)
rElec    .         Reflect  .   (cloak currently unavailable)
rCorr    .         Harm     .   (gloves currently unavailable)
MR       .....     NoTele   +   (no barding)
Stlth    +.........             (no amulet)
HPRegen  0.25/turn              (no ring)
MPRegen  0.10/turn              (no ring)

@: mighty, lethally poisoned (0 -> -3), tree-form, gold aura, stab, hasted, very
quick
A: large, see invisible, slow metabolism 1, spit poison 1, AC +2
a: Spit Poison, Potion Petition, Call Merchant, Bribe Branch, Renounce Religion


You were on level 3 of the Dungeon.
You worshipped Gozag.
Gozag was aware of your devotion.
You were not hungry.
You were a tree.
You visited 1 branch of the dungeon, and saw 4 of its levels.

You collected 234 gold pieces.
You paid 33 gold pieces to Gozag.

Inventory:

Hand Weapons
 a - a +0 falchion
 n - a +0 hand axe (weapon)
Armour
 d - a +0 robe
 k - a +0 scale mail (melded)
Jewellery
 l - a cursed amulet of inaccuracy {unknown}
Scrolls
 b - a scroll of amnesia {unknown}
 e - 2 scrolls of teleportation {unknown}
 g - 4 scrolls of identify {unknown}
Potions
 c - 2 potions of stabbing
 i - a potion of lignification
 j - 2 potions of haste
 m - a potion of might
Comestibles
 f - 2 rations


   Skills:
 - Level 6.3 Fighting
 + Level 0.9(1.5) Axes
   Level 2.0(2.1) Polearms
 - Level 1.0 Throwing
 - Level 1.0 Dodging
 - Level 1.5 Stealth
 - Level 1.0 Spellcasting
   Level 1.0 Charms
   Level 3.0 Necromancy


You had 7 spell levels left.
You didn't know any spells.
Your spell library contained the following spells:

 Spells                   Type           Power        Failure   Level  Hunger
 Pain                     Necr           #...         11%         1    ##.....
 Infusion                 Chrm           #...         24%         1    ##.....
 Vampiric Draining        Necr           #.........   32%         3    ####...
 Song of Slaying          Chrm           #.......     36%         2    ###....
 Shroud of Golubria       Chrm/Tloc      #.....       41%         2    ###....
 Ozocubu's Armour         Chrm/Ice       #.......     65%         3    ####...
 Spectral Weapon          Hex/Chrm       #.......     65%         3    ####...


Dungeon Overview and Level Annotations

Branches:
Dungeon (4/15)
 Temple: D:4-7

Altars:
Elyvilon
Fedhas
Gozag
Qazlal
Ru


Innate Abilities, Weirdness & Mutations

You cannot wear boots.
((Your serpentine skin is tough. (AC +2)))
You have supernaturally acute eyesight. (SInv)
((Armour fits poorly on your strangely shaped body.))
((Your system is resistant to poisons. (rPois)))
((You cover ground very slowly.))
You have a slow metabolism.
You can spit poison.


Message History

It was a potion of haste.
You feel yourself speed up.
* * * LOW HITPOINT WARNING * * *
You feel sick. The worker ant barely misses you. The worker ant bites you.
* * * LOW HITPOINT WARNING * * *
It was a potion of lignification.
You turn into a tree.
Your +0 scale mail melds into your body.
Your roots penetrate the ground.
It was a potion of degeneration.
There was something very wrong with that liquid.
You feel weakened.
You feel dopey.
You feel clumsy.
* * * LOW HITPOINT WARNING * * *
You feel sick.
The worker ant bites you but does no damage.
It was a potion of might.
You feel very mighty all of a sudden.
The worker ant bites you but does no damage.
You slash the worker ant!
You kill the worker ant!
You die...
Your body crumbles into a pile of gold.

.#.## #....#
##..#########....#######
............'..........#
###.#########....#####.#
.....................#.#
##.......###########.#.# #######
#....##.# #.#.# #......
##....##.######### #.#.# #.#####
................♣# #.#.# #.#
##....##.##.....$###.#.# #.#
#.....#.##......'.#.#'####.#
#...#.#.##......#.#........####
##.....#.##......#.#...........#
.....#...##......#.#.......###.#
##...#...##......#.#...........#
#....#...###+#####.#.......#####
.........###.# #...#...###


There were no monsters in sight!

Vanquished Creatures
  A black bear (D:3)
  A jelly (D:3)
  An orc priest (D:3)
  Terence (D:2)
  An orc wizard (D:3)
  A worker ant (D:3)
  7 adders
  An ooze (D:3)
  2 worms (D:2)
  A leopard gecko (D:1)
  7 orcs
  2 giant cockroaches
  8 goblins
  8 hobgoblins
  3 quokkas
  2 bats (D:1)
  A frilled lizard (D:3)
  6 kobolds
  7 rats
61 creatures vanquished.

Notes
Turn   | Place    | Note
-------+----------+-------------------------------------------
     0 | D:1      | MajorAdolf the Naga Wanderer began the quest for the Orb.
     0 | D:1      | MajorAdolf set off with the following items: a +0 falchion,
                  | a +0 robe, a ration; and the following spells available to
                  | memorise: Pain, Infusion, Song of Slaying, Shroud of
                  | Golubria, Vampiric Draining, Ozocubu's Armour, Spectral
                  | Weapon
     0 | D:1      | Reached XP level 1. HP: 15/15 MP: 2/2
   248 | D:1      | Reached skill level 1 in Fighting
   286 | D:1      | Reached XP level 2. HP: 25/25 MP: 3/3
   677 | D:1      | Reached skill level 2 in Fighting
  1582 | D:2      | Reached XP level 3. HP: 30/33 MP: 4/4
  1885 | D:2      | Found a stormy altar of Qazlal.
  1895 | D:2      | Found a blossoming altar of Fedhas.
  2005 | D:2      | Reached skill level 3 in Fighting
  2017 | D:2      | Noticed Terence
  2036 | D:2      | Killed Terence
  2036 | D:2      | Reached XP level 4. HP: 23/43 MP: 5/5
  2486 | D:2      | Reached skill level 4 in Fighting
  2839 | D:3      | Found an opulent altar of Gozag.
  2847 | D:3      | Became a worshipper of Gozag Ym Sagoz the Greedy
  2917 | D:2      | Reached XP level 5. HP: 34/51 MP: 6/6
  3508 | D:3      | Reached skill level 5 in Fighting
  3541 | D:3      | Noticed a black bear
  3554 | D:3      | Killed a black bear
  3554 | D:3      | Reached XP level 6. HP: 30/62 MP: 7/7
  3727 | D:3      | Reached skill level 6 in Fighting
  4554 | D:3      | Found a white marble altar of Elyvilon.
  4561 | D:3      | Found a sacrificial altar of Ru.
  4751 | D:3      | HP: 3/63 [worker ant (2)]
  4753 | D:3      | HP: 1/63 [worker ant (1)]
  4757 | D:3      | Succumbed to a worker ant's poison

Illustrated notes

Levels and vault maps discovered:
D:1:      dpeg_arrival_short_road, layout_basic, interstate_on_off
D:2:      layout_basic, grunt_temple_overflow_forces_of_nature, first_ration,
          uniq_terence
D:3:      layout_basic, amethyst_overflow_temple_binary, grunt_gozag_breadcrumbs
D:4:      layout_basic, serial_shops, kennysheep_mini, hangedman_decor_opposing

Skill      XL: |  1  2  3  4  5  6 |
---------------+-------------------+-----
Fighting       | 1 2 3 4 5 6 |  6.3
Axes           | |  0.9
Polearms       | |  2.0
Throwing       | |  1.0
Dodging        | |  1.0
Stealth        | |  1.5
Spellcasting   | |  1.0
Charms         | |  1.0
Necromancy     | |  3.0

Action                   |  1- 3 |  4- 6 || total
-------------------------+-------+-------++-------
Melee: Falchion          |    53 |   138 ||   191
       Hand axe          |       |    17 ||    17
 Abil: Spit Poison       |    17 |    21 ||    38
  Use: Potion            |       |     5 ||     5
 Stab: Sleeping          |     6 |       ||     6
  Eat: Chunk             |     3 |     3 ||     6
       Ration            |       |     2 ||     2
Armor: Robe              |    11 |       ||    11
       Scale mail        |       |    66 ||    66
       Skin              |       |     2 ||     2
Dodge: Dodged            |    27 |    71 ||    98
       Rpst.: Falchion   |     8 |    24 ||    32
